 Dungeon Crawl Stone Soup version 0.29-a0-289-g2178c42546 (webtiles) character file.

Game seed: 18068742161646307672

352 kae the Chopper (level 6, -5/56 HPs)
             Began as a Hill Orc Fighter on Mar 17, 2022.
             Was an Initiate of Qazlal.
             Slain by a killer bee (7 damage)
             ... on level 4 of the Dungeon.
             The game lasted 00:01:45 (3005 turns).

kae the Chopper (Hill Orc Fighter)                  Turns: 3005, Time: 00:01:46

Health: -5/56      AC:  8    Str: 20 (21) XL:     6   Next: 62%
Magic:  7/7        EV:  8    Int:  5 (8)  God:    Qazlal [......]
Gold:   101        SH:  8    Dex:  7 (10) Spells: 5/5 levels left

rFire   . . .      SeeInvis .   a - +0 war axe
rCold   . . .      Faith    .   q - +0 kite shield
rNeg    . . .      Spirit   .   b - +0 scale mail
rPois   .          Reflect  .   g - +2 hat
rElec   .          Harm     .   (no cloak)
rCorr   .          Rampage  .   (no gloves)
Will    .....                   (no boots)
Stlth   ..........              (no amulet)
HPRegen 0.18/turn               (no ring)
MPRegen 0.10/turn               (no ring)

@: mighty, about to teleport, weak-willed
A: no striking features
a: Renounce Religion


You were on level 4 of the Dungeon.
You worshipped Qazlal.
Qazlal was noncommittal.
You visited 1 branch of the dungeon, and saw 4 of its levels.

You collected 101 gold pieces.

Inventory:

Hand Weapons
 a - a +0 war axe (weapon)
Armour
 b - a +0 scale mail (worn)
 c - a +0 buckler
 g - a +2 hat (worn)
 q - a +0 kite shield (worn)
Wands
 A - a wand of iceblast (3)
Scrolls
 i - 2 scrolls of identify {unknown}
 l - a scroll of magic mapping {unknown}
 m - a scroll of enchant weapon {unknown}
 n - a scroll of noise {unknown}
 u - a scroll of torment {unknown}
 w - a scroll of summoning {unknown}
 x - a scroll of acquirement {unknown}
 y - 2 scrolls of immolation
 z - a scroll of silence {unknown}
Potions
 h - a potion of magic {unknown}
 j - a potion of attraction {unknown}
 k - 3 potions of degeneration
 o - a potion of haste {unknown}
 p - 3 potions of lignification {unknown}
 r - a potion of berserk rage {unknown}
 s - a potion of ambrosia {unknown}
 t - 2 potions of curing {unknown}
 v - a potion of heal wounds {unknown}


   Skills:
 + Level 5.1 Fighting
 * Level 6.3 Axes
 - Level 3.2 Armour
 + Level 4.7 Shields
 + Level 2.4 Invocations


You had 5 spell levels left.
You didn't know any spells.
Your spell library contained the following spells:

 Spells                   Type           Power      Damage    Failure   Level
 Magic Dart               Conj           0%         1d3       99%         1
 Call Imp                 Summ           0%         N/A       100%        2
 Mephitic Cloud           Conj/Pois/Air  0%         N/A       100%        3


Dungeon Overview and Level Annotations

Branches:
Dungeon (4/15)             Temple (0/1) D:4

Altars:
Cheibriados
Dithmenos
Gozag
Qazlal
Uskayaw
Xom

Annotations:
D:4 1 runed translucent door, Exponent's ghost, amateur DrMo


Message History

You slice the killer bee!!
You kill the killer bee!
Qazlal accepts your kill. The killer bee stings you.
You closely miss the killer bee. You block the killer bee's attack.
The killer bee stings you. x2
You miss the killer bee. You block the killer bee's attack.
The killer bee barely misses you.
You closely miss the killer bee.
The killer bee stings you but does no damage. x2
The killer bee stings you.
You completely miss the killer bee. You block the killer bee's attack. x2
You barely miss the killer bee. You block the killer bee's attack.
The killer bee completely misses you. The killer bee stings you.
You barely miss the killer bee.
The killer bee stings you but does no damage. x3
You barely miss the killer bee. You block the killer bee's attack.
The killer bee stings you.
* * * LOW HITPOINT WARNING * * *
The killer bee stings you but does no damage.
You miss the killer bee. The killer bee barely misses you.
The killer bee stings you.
* * * LOW HITPOINT WARNING * * *
As you read the scroll labelled HAICOU HAAV, it crumbles to dust.
Magic quickly surges around you.
It was a scroll of vulnerability.
The killer bee closely misses you.
The killer bee stings you but does no damage.
Unknown command.
As you read the scroll labelled VOIRPH OVUIVUOQ, it crumbles to dust.
You feel strangely unstable.
It was a scroll of teleportation.
The killer bee completely misses you. The killer bee stings you!
* * * LOW HITPOINT WARNING * * *
The killer bee attacks as you move away!
You block the killer bee's attack. The killer bee stings you.
* * * LOW HITPOINT WARNING * * *
It was a potion of degeneration.
There was something very wrong with that liquid.
You feel weakened.
You feel dopey.
You feel clumsy. The killer bee stings you!
You die...

.<.# #.###..##
... #........ ..#
###...... ..#
#.#..## #y#
#...... #### #y#
#...... ..# #y#
#...... #.# #y#
#...... ##.###@#
#......
#.###......#
#.#####
#..........#.#.#
####.#####
#####<.#####|#.#
#......... #..#
#.#.# #.##.....<
#..# #.#.#
#.##......
######..# ##.#.#
#.##......
........####....#
#.##......
................#
#.##......


You could see 4 killer bees.

Vanquished Creatures
  A black bear (D:4)
  A killer bee (D:4)
  A hound (D:4)
  A gnoll shaman (D:3)
  3 gnolls (D:3)
  3 adders
  An ufetubus (D:4)
  2 worms (D:3)
  6 dart slugs
  An orc (D:4)
  5 bats
  6 endoplasms
  5 giant cockroaches
  7 goblins
  9 hobgoblins
  3 kobolds
  6 quokkas
  10 ball pythons
  3 frilled lizards
  7 rats
81 creatures vanquished.

Notes
Turn   | Place    | Note
-------+----------+-------------------------------------------
     0 | D:1      | kae the Hill Orc Fighter began the quest for the Orb.
     0 | D:1      | Reached XP level 1. HP: 19/19 MP: 1/1
    50 | D:1      | Reached skill level 3 in Axes
   195 | D:1      | Reached XP level 2. HP: 21/27 MP: 2/2
   512 | D:1      | Reached XP level 3. HP: 27/33 MP: 3/3
  1020 | D:2      | Reached skill level 4 in Axes
  1118 | D:2      | Reached XP level 4. HP: 36/40 MP: 4/4
  1325 | D:2      | Found a faded altar of an unknown god.
  1881 | D:3      | Found a shadowy altar of Dithmenos.
  1881 | D:3      | Found a shimmering altar of Xom.
  1881 | D:3      | Found a stormy altar of Qazlal.
  1905 | D:3      | Found an opulent altar of Gozag.
  1905 | D:3      | Found a hide-covered altar of Uskayaw.
  1906 | D:3      | Found a snail-covered altar of Cheibriados.
  1924 | D:3      | Became a worshipper of Qazlal Stormbringer
  2232 | D:4      | Reached skill level 5 in Axes
  2266 | D:4      | Noticed a black bear
  2275 | D:4      | Killed a black bear
  2276 | D:4      | Reached skill level 1 in Invocations
  2276 | D:4      | Reached XP level 5. HP: 26/47 MP: 4/6
  2453 | D:4      | Found a staircase to the Ecumenical Temple.
  2503 | D:3      | Reached XP level 6. HP: 15/55 MP: 7/7
  2825 | D:3      | Reached skill level 5 in Fighting
  2827 | D:3      | Reached skill level 6 in Axes
  2889 | D:4      | Found a runed translucent door.
  2890 | D:4      | Noticed Exponent's ghost (amateur DrMo)
  3004 | D:4      | HP: 2/56 [killer bee (3)]
  3005 | D:4      | Slain by a killer bee

Illustrated notes

Levels and vault maps discovered:
D:1:      kennysheep_arrival_seaside, layout_rooms, amcnicky_mini_pool_small
D:2:      minmay_spotlight, layout_loops_ring, ebering_ecumenical_altar_hall
D:3:      layout_rooms, grunt_temple_overflow_open
D:4:      layout_loops_ring, minmay_temple_entry_statues_fountains,
          ebering_ghost_inner_flame

Skill      XL: |  1  2  3  4  5  6 |
---------------+-------------------+-----
Axes           | 3 4 5 6 |  6.3
Fighting       | 4 5 |  5.1
Shields        | 4 |  4.7
Invocations    | 1 2 |  2.4
Armour         | |  3.2

Action                   |  1- 3 |  4- 6 || total
-------------------------+-------+-------++-------
Melee: War axe           |   127 |   138 ||   265
  Use: Scroll            |       |     2 ||     2
       Potion            |       |     2 ||     2
Armor: Scale mail        |    67 |    79 ||   146
Dodge: Dodged            |    66 |    62 ||   128
Block: Buckler           |    30 |     5 ||    35
       Kite shield       |       |    71 ||    71

Table legend: (Time is in decaauts)
 A = Elapsed time spent in this place.
 B = Non-inter-level travel time spent in this place.
 C = Inter-level travel time spent in this place.
 D = Time resting spent in this place.
 E = Time spent auto-exploring this place.
 F = Levels seen in this place.
 G = Mean time per level.
                   A        B        C        D        E       F      G
               +--------+--------+--------+--------+--------+-----+--------+
         Total |   3106 |   3011 |     95 |    303 |   2013 |   4 |  776.5 |
       Dungeon |   3106 |   3011 |     95 |    303 |   2013 |   4 |  776.5 |
               +--------+--------+--------+--------+--------+-----+--------+

Top non-repeatable levels by time:
     D:2: 974 daAuts
     D:1: 972 daAuts
     D:3: 681 daAuts
     D:4: 478 daAuts
